 Dungeon Crawl Stone Soup version 0.30-a0-141-g30f27751c5 (webtiles) character file.

Game seed: 4181626930224225066

203 qw the Chopper (level 5, -4/32 HPs)
             Began as a Gargoyle Fighter on Sept 25, 2022.
             Slain by Duvessa
             ... wielding a +1 short sword of draining
              (6 damage)
             ... on level 4 of the Dungeon.
             The game lasted 00:00:57 (2962 turns).

qw the Chopper (Gargoyle Fighter)                   Turns: 2962, Time: 00:00:57

Health: -4/32      AC: 12    Str: 21    XL:     5   Next: 81%
Magic:  5/5        EV:  9    Int:  9    God:
Gold:   199        SH:  4    Dex:  9    Spells: 4/4 levels left

rFire   + . .      SeeInvis +    Y - +0 war axe
rCold   . . .      Faith    .    c - +0 buckler
rNeg    + . .      Spirit   .    l - +0 scale mail {rF+}
rPois   inf        Reflect  .    (no helmet)
rElec   +          Harm     .    (no cloak)
rCorr   .          Rampage  .    (no gloves)
Will    .....                    f - +0 pair of boots
Stlth   ..........               (no amulet)
HPRegen 0.10/turn                g - +4 ring of slaying {mikee}
MPRegen 0.09/turn                a - ring of see invisible

@: about to teleport
A: sickness immunity, AC +4, negative energy resistance 1, electricity
resistance, torment resistance 1, petrification resistance
a: no special abilities


You were on level 4 of the Dungeon.
You visited 1 branch of the dungeon, and saw 4 of its levels.

You collected 199 gold pieces.


Innate Abilities, Weirdness & Mutations

You are immune to sickness and miasma.
Your stone body is resilient. (AC +4)
You are immune to poison.
You resist negative energy. (rN+)
You are resistant to electric shocks. (rElec)
You are resistant to unholy torment.
You are immune to petrification.


   Skills:
 + Level 3.2 Fighting
 - Level 5.3 Axes
 - Level 3.2 Armour
 - Level 3.2 Shields


You had 4 spell levels left.
You didn't know any spells.
Your spell library was empty.

Inventory:

Hand Weapons
 k - a +0 club
 Y - a +0 war axe (weapon)
Armour
 c - a +0 buckler (worn)
 f - a +0 pair of boots (worn)
 l - a +0 scale mail of fire resistance (worn)
Jewellery
 a - a ring of see invisible (right hand)
 g - a +4 ring of slaying (left hand) {mikee}
Scrolls
 i - a scroll of teleportation
 j - 3 scrolls of identify
Potions
 d - 2 potions of might
 e - a potion of haste
 h - a potion of attraction

Dungeon Overview and Level Annotations

Branches:
Dungeon (4/15)
 Temple: D:4-7

Altars:
Trog

Annotations:
D:3 1 runed translucent door, Crazy Yiuf
D:4 Duvessa


Message History

You hit Dowan.
Dowan is moderately wounded.
You hit Duvessa.
Dowan casts a spell at Duvessa.
Duvessa seems to speed up.
Duvessa says, "When magic and the sword combine, nothing stands against them."
Duvessa hits you with a +1 short sword of draining.
Dowan zaps a wand.
The puff of flame hits you but does no damage.
Duvessa hits you but does no damage.
You slash Dowan!
Dowan is almost dead.
You hit Duvessa. You block Duvessa's attack.
Dowan gestures at you while chanting. You resist with some effort.
You closely miss Dowan.
Dowan is almost dead.
You barely miss Duvessa. You block Duvessa's attack.
Duvessa hits you with a +1 short sword of draining.
Dowan casts a spell at you. You block the puff of flame.
You hit Dowan.
Dowan is almost dead.
You hit Duvessa but do no damage. Duvessa barely misses you.
Dowan hits you but does no damage. Duvessa barely misses you.
You slash Dowan!
You kill Dowan!
Duvessa screams in rage.
Duvessa goes berserk!
You barely miss Duvessa.
Duvessa hits you with a +1 short sword of draining.
Duvessa hits you but does no damage.
Your Axes skill increases to level 5!
2962 ||| READING 2 scrolls of teleportation.
As you read the scroll of teleportation, it crumbles to dust.
You feel strangely unstable.
Duvessa hits you with a +1 short sword of draining. x2
You die...

7# ##.# #..# #
# #..#.#
#.###..#.#
###...#<...#.#
#............#
#.....e@..(..#
#......).....#
#..............
#..............
#........?...(.
#.............#
#.............#
#.............#


You could see Duvessa (berserk, fast).

Vanquished Creatures
  Dowan (D:4)
  2 orc wizards (D:3)
  3 adders
  A worm (D:3)
  2 dart slugs (D:3)
  3 orcs (D:3)
  4 ball pythons
  3 endoplasms
  4 giant cockroaches
  4 goblins (D:3)
  11 hobgoblins
  6 jackals
  4 kobolds
  2 quokkas
  3 bats
  A frilled lizard (D:2)
  6 rats
60 creatures vanquished.

Notes
Turn   | Place    | Note
-------+----------+-------------------------------------------
     0 | D:1      | qw the Gargoyle Fighter began the quest for the Orb.
     0 | D:1      | Reached XP level 1. HP: 14/14 MP: 1/1
     0 | D:1      | 0 ||| qw: Version: 0.2-a-10-g399e6c4
     0 | D:1      | 0 ||| qw: Game counter: 327
     0 | D:1      | 0 ||| qw: Always use a shield: true
     0 | D:1      | 0 ||| qw: God list: Okawaru
     0 | D:1      | 0 ||| qw: Allow faded altars: false
     0 | D:1      | 0 ||| qw: Do Orc after D:15 true
     0 | D:1      | 0 ||| qw: Do second Lair branch before Depths: true
     0 | D:1      | 0 ||| qw: Lair rune preference: random
     0 | D:1      | 0 ||| qw: Plans: Normal, Zot:1-4, God:TSO, Crypt, Tomb,
                  | Pan, Slime:5, Hells, Abyss, Orb
     0 | D:1      | 0 ||| PLANNING D:1-11
    42 | D:1      | Reached skill level 2 in Axes
   414 | D:1      | Reached XP level 2. HP: 19/19 MP: 2/2
   422 | D:1      | 422 ||| Stepping ~*~*~tactically~*~*~ (stealth).
   803 | D:1      | Found a faded altar of an unknown god.
  1079 | D:1      | 1079 ||| UPGRADING to +0 pair of boots.
  1084 | D:1      | 1084 ||| UPGRADING to +4 ring of slaying {mikee}.
  1085 | D:1      | 1085 ||| READING scroll labelled XOSMUS CATU.
  1086 | D:1      | 1086 ||| READING scroll labelled GAOCINNEDE.
  1087 | D:1      | 1087 ||| READING scroll labelled WEFE IRILOILL.
  1132 | D:1      | 1132 ||| READING scroll labelled EGGAEF BORR.
  1137 | D:1      | 1137 ||| READING scroll labelled LEGITA APSO.
  1229 | D:2      | Reached skill level 3 in Axes
  1231 | D:2      | 1231 ||| Stepping ~*~*~tactically~*~*~ (stealth).
  1232 | D:2      | 1232 ||| Stepping ~*~*~tactically~*~*~ (stealth).
  1245 | D:2      | Reached XP level 3. HP: 23/23 MP: 3/3
  1640 | D:2      | 1640 ||| UPGRADING to ring of see invisible.
  1641 | D:2      | 1641 ||| READING 2 scrolls labelled CEATRI YSUROUSEWN.
  1642 | D:2      | 1642 ||| READING scroll labelled LOMEMU JEL SOXECU.
  1643 | D:2      | 1643 ||| DROPPING scroll of poison.
  1761 | D:3      | 1761 ||| Stepping ~*~*~tactically~*~*~ (hiding).
  1882 | D:3      | 1882 ||| Stepping ~*~*~tactically~*~*~ (stealth).
  1891 | D:3      | 1891 ||| Stepping ~*~*~tactically~*~*~ (stealth).
  1895 | D:3      | Reached XP level 4. HP: 28/28 MP: 4/4
  1998 | D:3      | Reached skill level 4 in Axes
  2024 | D:3      | Reached XP level 5. HP: 14/32 MP: 5/5
  2326 | D:3      | 2326 ||| Stepping ~*~*~tactically~*~*~ (stealth).
  2408 | D:3      | 2408 ||| Stepping ~*~*~tactically~*~*~ (hiding).
  2454 | D:3      | Found a bloodstained altar of Trog.
  2467 | D:3      | 2467 ||| FLEEEEING.
  2468 | D:3      | 2468 ||| FLEEEEING.
  2469 | D:3      | 2469 ||| FLEEEEING.
  2470 | D:3      | 2470 ||| FLEEEEING.
  2471 | D:3      | 2471 ||| FLEEEEING.
  2472 | D:3      | 2472 ||| FLEEEEING.
  2473 | D:3      | 2473 ||| FLEEEEING.
  2474 | D:3      | 2474 ||| FLEEEEING.
  2475 | D:3      | 2475 ||| FLEEEEING.
  2476 | D:3      | 2476 ||| FLEEEEING.
  2477 | D:3      | 2477 ||| FLEEEEING.
  2478 | D:3      | 2478 ||| FLEEEEING.
  2481 | D:3      | 2481 ||| FLEEEEING.
  2482 | D:3      | 2482 ||| FLEEEEING.
  2483 | D:3      | 2483 ||| FLEEEEING.
  2484 | D:3      | 2484 ||| FLEEEEING.
  2485 | D:3      | 2485 ||| FLEEEEING.
  2488 | D:3      | 2488 ||| FLEEEEING.
  2491 | D:3      | 2491 ||| FLEEEEING.
  2492 | D:3      | 2492 ||| FLEEEEING.
  2728 | D:3      | Found a runed translucent door.
  2729 | D:3      | Noticed Crazy Yiuf
  2894 | D:3      | 2894 ||| UPGRADING to +0 scale mail of fire resistance.
  2904 | D:3      | 2904 ||| DROPPING +0 scale mail.
  2905 | D:3      | 2905 ||| READING scroll labelled QIHOISHAOTI.
  2906 | D:3      | 2906 ||| READING 5 scrolls of identify.
  2906 | D:3      | 2906 ||| IDENTIFYING emerald potion
  2907 | D:3      | 2907 ||| READING 4 scrolls of identify.
  2907 | D:3      | 2907 ||| IDENTIFYING coppery potion
  2949 | D:4      | Noticed Duvessa
  2949 | D:4      | Noticed Dowan
  2961 | D:4      | Killed Dowan
  2961 | D:4      | HP: 7/32 [Duvessa/+1 short sword of draining (3)]
  2962 | D:4      | Reached skill level 5 in Axes
  2962 | D:4      | 2962 ||| READING 2 scrolls of teleportation.
  2962 | D:4      | HP: 2/32 [Duvessa/+1 short sword of draining (5)]
  2962 | D:4      | Slain by Duvessa

Levels and vault maps discovered:
D:1:      reono_arrival_mine, layout_basic, basic_ecumenical_altar,
          serial_bayou_pond_d, st_stairs_2
D:2:      layout_rooms
D:3:      layout_loops_ring, trog_hazing_becter, uniq_crazy_yiuf_cottage
D:4:      cheibrodos_quashed, layout_basic, serial_demonic, serial_demonic_g,
          serial_demonic_c, serial_demonic_d, serial_demonic_g,
          serial_demonic_c, st_stairs_3, dk_vineyard_1, uniq_duvessa

Skill      XL: |  1  2  3  4  5 |
---------------+----------------+-----
Axes           | 2 3 4 5 |  5.3
Fighting       | |  3.2
Armour         | |  3.2
Shields        | |  3.2

Action                   |  1- 3 |  4- 6 || total
-------------------------+-------+-------++-------
Melee: War axe           |    84 |    62 ||   146
  Use: Scroll            |     7 |     4 ||    11
Armor: Scale mail        |    32 |    31 ||    63
Dodge: Dodged            |    34 |    28 ||    62
Block: Buckler           |    16 |     9 ||    25

Table legend:
 A = Non-vault XP
 B = Vault XP
 C = Vault XP percentage of total XP
 D = Non-vault monster count
 E = Vault monster count
 F = Vault count percentage of total count
                 A         B        C        D         E       F
            +---------+---------+-------+---------+---------+-------
      Total |     202 |      88 |  30.3 |      51 |       9 |  15.0
            +---------+---------+-------+---------+---------+-------
        D:1 |      23 |       6 |  20.7 |      13 |       3 |  18.8
        D:2 |      32 |       0 |   0.0 |      12 |       0 |   0.0
        D:3 |     147 |      10 |   6.4 |      26 |       5 |  16.1
        D:4 |       0 |      72 | 100.0 |       0 |       1 | 100.0
            +---------+---------+-------+---------+---------+-------
